 Dungeon Crawl Stone Soup version 0.28-a0-655-g4eb62b627b (webtiles) character file.

Game seed: 9052251196776015767

66 bande the Covered (level 4, -9/28 HPs)
             Began as a Gargoyle Fighter on Oct 13, 2021.
             Killed by divine providence
             ... invoked by an orc priest
              (11 damage)
             ... on level 3 of the Dungeon.
             The game lasted 00:05:31 (2197 turns).

bande the Covered (Gargoyle Fighter)                Turns: 2197, Time: 00:05:31

Health: -9/28      AC: 12    Str: 21    XL:     4   Next: 15%
Magic:  4/4        EV:  9    Int:  8    God:
Gold:   42         SH:  4    Dex:  9    Spells: 3/3 levels left

rFire   . . .      SeeInvis .   a - +1 war axe
rCold   . . .      Faith    .   c - +0 buckler
rNeg    + . .      Spirit   .   b - +0 scale mail
rPois   ∞          Reflect  .   k - +1 helmet
rElec   +          Harm     .   (no cloak)
rCorr   .          Rampage  .   (no gloves)
Will    .....                   (no boots)
Stlth   ..........              (no amulet)
HPRegen 0.09/turn               (no ring)
MPRegen 0.09/turn               (no ring)

@: no status effects
A: sickness immunity, AC +3, negative energy resistance 1, electricity
resistance, torment resistance 1, petrification resistance
a: no special abilities


You were on level 3 of the Dungeon.
You visited 1 branch of the dungeon, and saw 3 of its levels.

You collected 42 gold pieces.

Inventory:

Hand Weapons
 a - a +1 war axe (weapon)
Armour
 b - a +0 scale mail (worn)
 c - a +0 buckler (worn)
 k - a +1 helmet (worn)
Jewellery
 n - a ring of ice
Scrolls
 m - a scroll of magic mapping
 o - a scroll of amnesia {unknown}
 p - a scroll of identify
Potions
 d - a potion of might
 e - 2 potions of heal wounds {unknown}
 f - a potion of attraction {unknown}
 g - a potion of invisibility {unknown}
 h - a potion of berserk rage {unknown}
 i - a potion of cancellation {unknown}
 j - a potion of curing {unknown}
 l - 2 potions of haste


   Skills:
 + Level 3.6 Fighting
 + Level 2.7 Axes
 + Level 4.0 Armour
 - Level 0.1 Dodging
 + Level 0.2 Stealth
 + Level 3.7 Shields


You had 3 spell levels left.
You didn't know any spells.
Your spell library contained the following spells:

 Spells                   Type           Power      Damage    Failure   Level
 Leda's Liquefaction      Hex/Erth       0%         N/A       100%        4
 Lee's Rapid Deconstruct  Erth           0%         3d5*      100%        5
 Statue Form              Tmut/Erth      Unusable   N/A       N/A         6

Dungeon Overview and Level Annotations

Branches:
Dungeon (3/15)

Altars:
Beogh


Innate Abilities, Weirdness & Mutations

You are immune to sickness and miasma.
Your stone body is resilient. (AC +3)
You are immune to poison.
You resist negative energy. (rN+)
You are resistant to electric shocks. (rElec)
You are resistant to unholy torment.
You are immune to petrification.


Message History

The orc priest shouts! x2; The orc wizard shouts!
The orc shouts!
Found 49 gold pieces.
Found a roughly hewn altar of Beogh.
The orc wizard gestures at you while chanting.
The magic dart hits you! The orc hits you but does no damage.
There is an open door here.
You miss the orc wizard.
The orc wizard hits you with a +0 dagger.
The orc hits you but does no damage. The orc barely misses you.
The orc wizard hits you but does no damage.
You hit the orc wizard.
The orc wizard is moderately wounded.
The orc wizard hits you but does no damage.
You block the orc's attack.
The orc priest looks satisfied for a moment.
You closely miss the orc wizard.
The orc wizard is moderately wounded.
Your scale mail prevents you from hitting the orc priest.
The orc wizard hits you but does no damage.
The orc hits you from afar with a +0 trident.
The orc priest casts a cantrip, but nothing happens.
Unknown command.
You barely miss the orc wizard.
The orc wizard is moderately wounded.
You closely miss the orc priest.
The orc wizard hits you with a +0 dagger.
The orc hits you but does no damage.
The orc priest hits you but does no damage.
The orc wizard hits you but does no damage.
The orc priest calls down the wrath of Beogh upon you.
Beogh smites you! The orc barely misses you.
The orc priest hits you but does no damage.
You barely miss the orc wizard.
The orc wizard is moderately wounded.
You slash the orc priest!
The orc wizard gestures at you while chanting.
The puff of flame hits you!
* * * LOW HITPOINT WARNING * * *
The orc priest mumbles some strange prayers to Beogh against you.
Beogh smites you!
You die...

...##
#.#.............<.
....#
#.#....).....########
..#.##
#.#................(.
..#..#
#.#..................
..##.#
#.#.................#
..##.##
#.#.................#
..##..#
#.#..........########
#####.#
#.#...............
#.#
#.#..##@#####.....
#.# #.#.##oo.# ......
#.# #.#.#$8o8$#
...... #.# #.#
#$.o.$# ...... #.#
#.# #$8$8.# .....
#.## #.# ##._.##
#####..# #.# #####
.......###.#
........##.########


You could see 2 orc priests, an orc wizard and an orc.

Vanquished Creatures
  Robin (D:3)
  A dart slug (D:2)
  An orc (D:3)
  3 endoplasms
  A giant cockroach (D:3)
  12 goblins
  3 hobgoblins
  6 kobolds
  A quokka (D:3)
  3 ball pythons
  7 bats
  3 frilled lizards
  4 rats
46 creatures vanquished.

Notes
Turn   | Place    | Note
-------+----------+-------------------------------------------
     0 | D:1      | bande the Gargoyle Fighter began the quest for the Orb.
     0 | D:1      | Reached XP level 1. HP: 14/14 MP: 1/1
   543 | D:1      | Reached XP level 2. HP: 18/19 MP: 2/2
  1367 | D:2      | Reached XP level 3. HP: 23/23 MP: 3/3
  1914 | D:3      | Noticed Robin
  1926 | D:3      | Killed Robin
  1927 | D:3      | Reached skill level 4 in Armour
  1927 | D:3      | Reached XP level 4. HP: 14/28 MP: 4/4
  2197 | D:3      | Killed from afar by an orc priest

Illustrated notes

Levels and vault maps discovered:
D:1:      scummos_arrival_simple_fountains, layout_rooms, minivault_25
D:2:      layout_basic
D:3:      layout_basic, kennysheep_orc_chapel, uniq_robin, uniq_grinder

Skill      XL: |  1  2  3 |
---------------+----------+-----
Axes           | 2 |  2.7
Armour         | 4 |  4.0
Fighting       | |  3.6
Dodging        | |  0.1
Stealth        | |  0.2
Shields        | |  3.7

Action                   |  1- 3 |  4- 6 || total
-------------------------+-------+-------++-------
Melee: War axe           |   107 |    12 ||   119
  Use: Scroll            |     5 |       ||     5
Armor: Scale mail        |    85 |    13 ||    98
Dodge: Dodged            |    66 |     7 ||    73
Block: Buckler           |    27 |     1 ||    28

Table legend: (Time is in decaauts)
 A = Elapsed time spent in this place.
 B = Non-inter-level travel time spent in this place.
 C = Inter-level travel time spent in this place.
 D = Time resting spent in this place.
 E = Time spent auto-exploring this place.
 F = Levels seen in this place.
 G = Mean time per level.
                   A        B        C        D        E       F      G
               +--------+--------+--------+--------+--------+-----+--------+
         Total |   2245 |   2245 |      0 |    548 |   1256 |   3 |  748.3 |
       Dungeon |   2245 |   2245 |      0 |    548 |   1256 |   3 |  748.3 |
               +--------+--------+--------+--------+--------+-----+--------+

Top non-repeatable levels by time:
     D:1: 843 daAuts
     D:2: 831 daAuts
     D:3: 570 daAuts
